 Dungeon Crawl Stone Soup version 0.27.1-33-g824d729ab1 (webtiles) character file.

Game seed: 10331232066945998209

22948 Krodha the Bludgeoner (level 12, -6/108 HPs)
             Began as a Minotaur Berserker on Dec 15, 2021.
             Was a High Priest of Trog.
             Killed by an exploding bloated husk (31 damage)
             ... on level 1 of the Swamp.
             The game lasted 01:16:47 (13112 turns).

Krodha the Bludgeoner (Minotaur Berserker)         Turns: 13112, Time: 01:16:47

Health: -6/108     AC:  8    Str: 28    XL:     12   Next: 67%
Magic:  11/11      EV:  8    Int:  8    God:    Trog [*****.]
Gold:   2270       SH: 30    Dex: 10    Spells: 11/11 levels left

rFire    . . .     SeeInvis .   P - +4 morningstar (freeze)
rCold    + . .     Faith    .   K - +10 tower shield of Ignorance {rN+ Int-4}
rNeg     + . .     Spirit   .   T - +2 scale mail of Skepticism {rElec Str+3 Int+6}
rPois    .         Reflect  .   (helmet restricted)
rElec    +         Harm     .   (no cloak)
rCorr    +         Rampage  .   c - +0 pair of gloves
Will     ++...                  d - +0 pair of boots
Stlth    ..........             (no amulet)
HPRegen  1.28/turn              m - ring of resist corrosion
MPRegen  0.12/turn              w - ring of protection from cold

@: strong-willed, corroded, on berserk cooldown, regenerating, slowed, very slow
A: horns 2, retaliatory headbutt
a: Renounce Religion, Berserk, Trog's Hand, Brothers in Arms


You were on level 1 of the Swamp.
You worshipped Trog.
Trog was extremely pleased with you.
You visited 3 branches of the dungeon, and saw 16 of its levels.
You also visited: Ossuary.

You collected 2270 gold pieces.

Inventory:

Hand Weapons
 M - a +0 longbow
 P - a +4 morningstar of freezing (weapon)
Missiles
 e - 439 stones
 i - 171 sling bullets
 r - 2 throwing nets
 t - 123 arrows
 y - 55 poisoned darts
 G - 7 atropa-tipped darts (quivered)
 J - 45 bolts
 N - 4 curare-tipped darts
Armour
 c - a +0 pair of gloves (worn)
 d - a +0 pair of boots (worn)
 K - the +10 tower shield of Ignorance (worn) {rN+ Int-4}
   (You found it on level 6 of the Dungeon)

   Int:       It affects your intelligence (-4).
   rN:        It protects you from negative energy.
 T - the +2 scale mail of Skepticism (worn) {rElec Str+3 Int+6}
   (You found it on level 10 of the Dungeon)

   Str:       It affects your strength (+3).
   Int:       It affects your intelligence (+6).
   rElec:     It insulates you from electricity.
Jewellery
 m - a ring of resist corrosion (left hand)
 u - a ring of protection from fire
 w - a ring of protection from cold (right hand)
 V - a ring of protection from fire
Wands
 p - a wand of acid (7)
 I - a wand of charming (12)
 L - a wand of flame (49)
 Q - a wand of digging (7)
 S - a wand of iceblast (20)
 W - a wand of mindburst (9)
Scrolls
 a - 7 scrolls of enchant armour
 b - 3 scrolls of fog
 g - 9 scrolls of teleportation
 h - a scroll of summoning
 n - 2 scrolls of noise {unknown}
 v - 3 scrolls of blinking {unknown}
 x - a scroll of torment
 A - a scroll of fear
 B - 3 scrolls of immolation
 F - 2 scrolls of holy word {unknown}
 O - 3 scrolls of identify
Potions
 f - a potion of degeneration {unknown}
 j - a potion of berserk rage
 k - 2 potions of mutation
 l - a potion of flight {unknown}
 o - 3 potions of heal wounds {unknown}
 q - 4 potions of lignification
 s - a potion of attraction {unknown}
 z - a potion of cancellation
 C - a potion of brilliance
 D - 3 potions of curing {unknown}
 E - 3 potions of haste
 H - 2 potions of ambrosia {unknown}
 R - a potion of magic {unknown}
 U - a potion of invisibility {unknown}
 X - a potion of might {unknown}


   Skills:
 + Level 10.7 Fighting
 - Level 0.6(10.7) Axes
 - Level 15.9(16.0) Maces & Flails
 - Level 6.0 Throwing
 + Level 6.7 Armour
 - Level 2.1 Dodging
 + Level 13.3 Shields


You had 11 spell levels left.
You didn't know any spells.
Your spell library contained the following spells:

 Spells                   Type           Power      Damage    Failure   Level
 Animate Skeleton         Necr           0%         N/A       98%         1
 Apportation              Tloc           0%         N/A       98%         1
 Corona                   Hex            0%         N/A       98%         1
 Freeze                   Ice            0%         1d3       98%         1
 Summon Small Mammal      Summ           0%         N/A       98%         1
 Corpse Rot               Necr/Air       N/A        N/A       99%         2
 Poisonous Vapours        Pois/Air       0%         N/A       99%         2
 Slow                     Hex            0%         N/A       99%         2
 Confusing Touch          Hex            0%         N/A       100%        3
 Frozen Ramparts          Ice            0%         1d2       100%        3
 Gell's Gravitas          Tloc           0%         N/A       100%        3
 Ignite Poison            Fire/Tmut/Pois 0%         N/A       100%        3
 Lesser Beckoning         Tloc           0%         N/A       100%        3
 Mephitic Cloud           Conj/Pois/Air  0%         N/A       100%        3
 Portal Projectile        Hex/Tloc       0%         N/A       100%        3
 Teleport Other           Tloc           0%         N/A       100%        3
 Tukima's Dance           Hex            0%         N/A       100%        3
 Vampiric Draining        Necr           0%         2d6       100%        3
 Hailstorm                Conj/Ice       0%         3d3       100%        4
 Ice Form                 Ice/Tmut       0%         N/A       100%        4
 Passage of Golubria      Tloc           N/A        N/A       100%        4
 Summon Ice Beast         Ice/Summ       0%         N/A       100%        4
 Blade Hands              Tmut           0%         N/A       100%        5
 Bolt of Magma            Conj/Fire/Erth 0%         4d4       100%        5
 Excruciating Wounds      Necr           0%         N/A       100%        5
 Freezing Cloud           Conj/Ice/Air   0%         6-21      100%        5
 Yara's Violent Unravell  Hex/Tmut       0%         3d3       100%        5
 Dispersal                Tloc           0%         N/A       100%        6
 Chain Lightning          Conj/Air       0%         N/A       100%        9
 Fire Storm               Conj/Fire      0%         5d1       100%        9


Dungeon Overview and Level Annotations

Branches:
Dungeon (13/15)            Temple (0/1) D:7            Lair (2/6) D:11
  Swamp (1/4) Lair:2       Spider (0/4) Lair:2          Orc (0/2) D:9
 Vaults (0/5) D:13        Ossuary (visited)

Altars:
Ashenzari
Gozag
Makhleb
Qazlal
Ru
Uskayaw
Vehumet
Zin
The Shining One
Jiyva

Shops:
D:7 =

Annotations:
D:13 Nessos, Rupert, Urug


Innate Abilities, Weirdness & Mutations

You have a pair of horns on your head.
You reflexively headbutt those who attack you in melee.


Message History

The swamp drake breathes poison at you.
The noxious blast engulfs the swamp worm but does no damage.
The swamp worm is poisoned.
The vampire mosquito bites your spriggan rider!
Your vampire mosquito misses the swamp worm.
The swamp worm is engulfed in noxious fumes.
The swamp worm appears confused.
Your spriggan rider is engulfed in noxious fumes.
Your spriggan rider hits the five-headed hydra from afar with a +0 spear!!
The five-headed hydra bites your vampire mosquito but does no damage. x3
The five-headed hydra misses your vampire mosquito.
The five-headed hydra completely misses your vampire mosquito.
You enter the shallow water.
Moving in this stuff is going to be slow.
The swamp worm seems less confused.
Your vampire mosquito bites the swamp worm!
Your vampire mosquito draws strength from the swamp worm's injuries!
The vampire mosquito bites your vampire mosquito.
Your vampire mosquito closely misses the swamp worm.
The vampire mosquito barely misses your vampire mosquito.
Your bunyip claws the swamp worm!!!
The swamp worm dies!
Trog accepts your kill.
Your spriggan rider blocks the vampire mosquito's attack.
Something bites your vampire mosquito. Something bites your vampire mosquito!
Something closely misses your vampire mosquito.
Something barely misses your vampire mosquito.
Something bites your vampire mosquito!
Your vampire mosquito is destroyed!
Your vampire mosquito's corpse dissolves into shadows!
Something bites your bloated husk! x2
Your bloated husk dissolves into shadows!
Your bloated husk explodes!
The blast of putrescent gases engulfs your spriggan rider!!
The blast of putrescent gases engulfs the vampire mosquito!!!
The vampire mosquito is destroyed!
The blast of putrescent gases engulfs your spriggan rider!!!
The blast of putrescent gases engulfs your bunyip!!
The blast of putrescent gases engulfs you!!
You die...

≈.≈≈.
...≈♣.≈≈..≈≈≈≈≈
....
♣♣♣.....≈≈≈§.♣≈≈≈
♣≈≈♣
≈...≈≈.≈≈≈≈≈.≈≈≈≈
♣ ♣. ♣
...≈≈...≈≈≈≈≈≈.≈
♣≈♣ ..
♣.≈≈§≈≈≈≈≈≈≈≈≈.
..♣
.≈≈♣♣.≈≈≈§≈≈...≈.≈
≈≈.≈♣
......≈≈≈≈≈≈..♣
≈≈..♣
.≈...≈≈≈≈>.§..♣
≈....
≈♣.≈≈≈ix.@...≈♣
.≈♣..
≈.≈≈≈.i≈♣y.♣♣≈§.≈
.≈♣.≈ ≈....≈†D♣♣♣♣
♣♣≈.. ♣♣..
≈.≈≈≈≈y.♣ .. ♣.
...≈≈...♣ .
....k....
....♣..≈≈
♣♣≈≈.≈≈≈≈
♣♣♣.≈≈.≈≈


You could see a friendly bunyip (summoned), 2 friendly spriggan riders and a
friendly vampire mosquito (summoned).

Vanquished Creatures
  A bunyip (Swamp:1)
  2 hydras (Lair:1)
  A two-headed ogre (D:12)
  Nergalle (Lair:1)
  An orc knight (D:11)
  An oklob plant (D:11)
  An orc sorcerer (D:11)
  A cyclops (D:8)
  2 cane toads
  A gargoyle (D:11)
  Psyche (D:11)
  A kobold demonologist (D:8)
  2 komodo dragons
  An unseen horror (D:11)
  A tyrant leech (Lair:2)
  A bloated husk (Swamp:1)
  A slime creature (D:11)
  11 blink frogs
  Sigmund (D:3)
  3 wyverns
  A shadow (D:10)
  3 wraiths
  Eustachio (D:6)
  28 yaks
  A basilisk (D:12)
  2 vampire mosquitoes (D:12)
  Grum (D:9)
  2 steam dragons
  Menkaure (Ossuary)
  2 swamp worms
  Edmund (D:6)
  2 acid dragons
  4 orc warriors
  7 water moccasins
  2 sky beasts (D:8)
  2 necrophages
  3 wolves (D:9)
  2 centaurs
  A phantom (D:5)
  12 kobold brigands
  Blork the orc (D:6)
  6 bullfrogs
  A wyvern zombie (D:7)
  A gnoll sergeant (D:7)
  2 scorpions
  A water moccasin zombie (D:6)
  A water moccasin skeleton (D:6)
  6 killer bees
  7 wights
  An electric eel (D:9)
  3 howler monkeys (D:8)
  2 centaur zombies
  A bullfrog zombie (D:5)
  4 jellies
  6 hounds
  4 orc priests
  A bullfrog skeleton (D:5)
  2 centaur skeletons
  3 gnoll shamans
  4 iguanas
  Jessica (D:2)
  10 orc wizards
  A killer bee zombie (D:8)
  3 mummies (Ossuary)
  A howler monkey zombie (D:6)
  5 adders
  A howler monkey skeleton (D:6)
  10 gnolls
  2 white imps (D:7)
  4 dart slugs
  31 orcs
  7 endoplasms
  3 giant cockroaches
  3 gnoll zombies (Ossuary)
  4 goblins
  4 hobgoblins
  2 jackals (D:5)
  16 kobolds
  6 quokkas
  7 ball pythons
  5 bats
  2 frilled lizards
  11 gnoll skeletons (Ossuary)
  4 goblin skeletons (Ossuary)
  4 goblin zombies (Ossuary)
  4 hobgoblin skeletons (Ossuary)
  6 hobgoblin zombies (Ossuary)
  3 kobold skeletons (Ossuary)
  6 kobold zombies (Ossuary)
  An orc skeleton (Ossuary)
  3 orc zombies (Ossuary)
  6 rats
  2 rat skeletons (Ossuary)
  3 rat zombies (Ossuary)
351 creatures vanquished.

Vanquished Creatures (collateral kills)
  A cyclops (D:12)
  The ghost of kalagan the Magician, a novice DECj of Sif Muna (D:7)
  A vampire mosquito (D:12)
  A swamp worm (Swamp:1)
  An orc warrior (D:6)
  A hound (D:6)
  2 iguanas (D:6)
  2 orc wizards (D:6)
  A gnoll (D:6)
  A white imp (D:6)
  2 orcs (D:6)
14 creatures vanquished.

Vanquished Creatures (others)
  A vampire mosquito (Swamp:1)
  A gnoll (D:6)
  2 foxfires (Swamp:1)
  3 fungi (Lair:2)
  6 plants
13 creatures vanquished.

Grand Total: 378 creatures vanquished

Notes
Turn   | Place    | Note
-------+----------+-------------------------------------------
     0 | D:1      | Krodha the Minotaur Berserker began the quest for the Orb.
     0 | D:1      | Reached XP level 1. HP: 19/19 MP: 0/0
   251 | D:1      | Reached XP level 2. HP: 25/27 MP: 1/1
   307 | D:1      | Reached skill level 4 in Maces & Flails
   510 | D:1      | Reached XP level 3. HP: 34/34 MP: 2/2
   647 | D:2      | Reached ** piety under Trog
   664 | D:2      | Noticed Jessica
   674 | D:2      | Killed Jessica
   675 | D:2      | Reached skill level 5 in Fighting
   826 | D:2      | Reached XP level 4. HP: 39/42 MP: 3/3
  1299 | D:3      | Reached XP level 5. HP: 40/50 MP: 4/4
  1319 | D:3      | Noticed Sigmund
  1537 | D:3      | You fall into a shaft and drop 3 floors!
  1537 | D:6      | Noticed Edmund
  1543 | D:5      | Entered Level 5 of the Dungeon
  1596 | D:4      | Reached skill level 5 in Maces & Flails
  1603 | D:4      | Found a sand-covered staircase.
  1607 | Ossuary  | Entered an ossuary
  1659 | Ossuary  | Reached *** piety under Trog
  1908 | Ossuary  | Reached **** piety under Trog
  1923 | Ossuary  | Noticed Menkaure
  1932 | Ossuary  | Killed Menkaure
  1933 | Ossuary  | Reached skill level 1 in Throwing
  1933 | Ossuary  | Reached XP level 6. HP: 53/60 MP: 5/5
  2125 | D:3      | Killed Sigmund
  2126 | D:3      | Reached skill level 6 in Maces & Flails
  2126 | D:3      | Reached XP level 7. HP: 68/68 MP: 6/6
  2221 | D:3      | Found a burning altar of Makhleb.
  2231 | D:3      | Noticed a balrug
  3379 | D:5      | Reached XP level 8. HP: 78/78 MP: 7/7
  3894 | D:5      | Reached skill level 1 in Shields
  4079 | D:6      | Found the +10 tower shield of Ignorance {rN+ Int-4}
  4126 | D:6      | Found a radiant altar of Vehumet.
  4153 | D:6      | Reached skill level 7 in Maces & Flails
  4168 | D:6      | Noticed Blork the orc
  4332 | D:6      | Killed Edmund
  4348 | D:6      | Killed Blork the orc
  4438 | D:6      | Found a stormy altar of Qazlal.
  4478 | D:6      | Reached skill level 8 in Maces & Flails
  4551 | D:6      | Found an opulent altar of Gozag.
  4568 | D:6      | Noticed Eustachio
  4573 | D:6      | Killed Eustachio
  4573 | D:6      | Reached ***** piety under Trog
  4574 | D:6      | Reached skill level 5 in Throwing
  4608 | D:6      | Reached XP level 9. HP: 63/83 MP: 8/8
  4620 | D:6      | Reached skill level 5 in Shields
  5031 | D:6      | Found a broken altar of Ashenzari.
  5033 | D:6      | Reached skill level 9 in Maces & Flails
  5049 | D:6      | Found a hide-covered altar of Uskayaw.
  5380 | D:7      | Found Kessoari's Jewellery Emporium.
  5409 | D:7      | Found a staircase to the Ecumenical Temple.
  5790 | D:7      | Found a runed translucent gate.
  5790 | D:7      | Found a runed translucent gate.
  5809 | D:7      | Found a runed translucent gate.
  5809 | D:7      | Noticed kalagan's ghost (novice DECj)
  6031 | D:7      | Found a glowing silver altar of Zin.
  6140 | D:7      | Killed kalagan's ghost
  6153 | D:7      | Reached skill level 10 in Maces & Flails
  6369 | D:8      | Noticed a cyclops
  6386 | D:8      | Killed a cyclops
  6457 | D:8      | Reached skill level 11 in Maces & Flails
  6460 | D:8      | Reached XP level 10. HP: 87/91 MP: 9/9
  6751 | D:8      | Reached skill level 12 in Maces & Flails
  6802 | D:8      | Noticed a smoke demon
  7269 | D:9      | Reached skill level 13 in Maces & Flails
  7273 | D:9      | Noticed Grum
  7281 | D:9      | Killed Grum
  8043 | D:9      | Found a staircase to the Orcish Mines.
  8053 | D:9      | Reached XP level 11. HP: 95/97 MP: 10/10
  8252 | D:9      | Found a sacrificial altar of Ru.
  8381 | D:10     | Entered Level 10 of the Dungeon
  8395 | D:10     | Received a gift from Trog
  8471 | D:10     | Identified the +2 scale mail of Skepticism {rElec Str+3
                  | Int+6}
  8570 | D:10     | Reached skill level 10 in Shields
  8580 | D:10     | Reached skill level 14 in Maces & Flails
  8678 | D:10     | Identified a scroll of acquirement
  8678 | D:10     | Acquired 1262 gold pieces
  8999 | D:11     | Noticed Psyche
  9044 | D:11     | Killed Psyche
  9151 | D:11     | Found a staircase to the Lair.
  9151 | D:11     | Noticed an oklob plant
  9319 | D:11     | Found a viscous altar of Jiyva.
  9387 | D:11     | Noticed an orc sorcerer
  9388 | D:11     | Noticed an orc knight
  9397 | D:11     | Killed an orc sorcerer
  9405 | D:11     | Killed an orc knight
  9406 | D:11     | Reached skill level 15 in Maces & Flails
  9508 | D:11     | Killed an oklob plant
  9942 | D:12     | Found a glowing golden altar of the Shining One.
 10088 | D:12     | Noticed a two-headed ogre
 10099 | D:12     | Killed a two-headed ogre
 10549 | D:13     | Noticed Nessos
 10549 | D:13     | Noticed Urug
 10549 | D:13     | Noticed Rupert
 10549 | D:13     | Noticed an orc knight
 10549 | D:13     | Found a gate to the Vaults.
 10755 | Lair:1   | Entered Level 1 of the Lair of Beasts
 10793 | Lair:1   | Noticed an eight-headed hydra
 10803 | Lair:1   | Killed an eight-headed hydra
 10866 | Lair:1   | Noticed a seven-headed hydra
 10898 | Lair:1   | Killed a seven-headed hydra
 11092 | Lair:1   | Reached XP level 12. HP: 104/104 MP: 11/11
 11305 | Lair:1   | Noticed Nergalle
 11314 | Lair:1   | Killed Nergalle
 11328 | Lair:1   | Got the Catalogue of the Playwright
 11827 | Lair:2   | Found a hole to the Spider Nest.
 11900 | Lair:2   | Reached skill level 5 in Armour
 12010 | Lair:2   | Reached skill level 10 in Fighting
 12692 | Lair:2   | Found a staircase to the Swamp.
 13040 | Swamp:1  | Entered Level 1 of the Swamp
 13095 | Swamp:1  | Noticed a bunyip
 13101 | Swamp:1  | Killed a bunyip
 13102 | Swamp:1  | Noticed an alligator
 13109 | Swamp:1  | Noticed a five-headed hydra
 13112 | Swamp:1  | Killed by an exploding bloated husk

Illustrated notes

Levels and vault maps discovered:
D:1:      dpeg_arrival_shelter, layout_rooms
D:2:      layout_loops_cross, minmay_misc_feat_x, grunt_decor_mini_mirrors,
          uniq_jessica
D:3:      layout_rooms, makhleb_altar_promises_db, interstate_on_off,
          minmay_misc_feat_pillars, uniq_sigmund
D:4:      layout_loops_ring, serial_rivers, chequers_serial_rivers_small_a,
          chequers_serial_rivers_small_b, chequers_serial_rivers_micro_d,
          chequers_serial_rivers_marsh, chequers_serial_rivers_small_a,
          enter_ossuary_5
D:5:      layout_loops_ring, serial_co_window_serial, co_window_paths_b,
          co_window_of_opportunity_a, co_window_corner_a, co_window_corner_a,
          co_window_paths_b, co_window_of_opportunity_a, co_window_corner_b,
          co_window_broadway_a, co_window_of_opportunity_c, co_window_cross_2,
          co_window_paths_e, uniq_menkaure
D:6:      layout_cave_pools, mainiacjoe_overflow_small_starburst,
          nicolae_gozag_seed_capital, general_overflow_altar,
          mainiacjoe_overflow_large_starburst, minmay_increasing_density,
          uniq_edmund, uniq_blork_the_orc, uniq_eustachio
D:7:      layout_basic, lemuel_tele_altar, minmay_temple_entry_hall,
          serial_shops, nicolae_shop_statue_plus, gammafunk_ghost_split,
          dk_noncrumbling_3, abandoned_shop, hangedman_abyss_or_decor_slice
D:8:      layout_basic, special_room [special_room_kobold]
D:9:      layout_basic, nicolae_ru_path_of_blood, orc_david_3,
          minmay_misc_feat_alley, nicolae_water_bricks, minmay_door_square,
          uniq_grum
D:10:     layout_rooms
D:11:     layout_rooms, dpeg_oklobed_lair, jiyva_altar_1, uniq_psyche
D:12:     layout_basic, tso_metal_star
D:13:     layout_rooms, david_vaults_3, minmay_librarian, uniq_sonja
Lair:1:   layout_layer_cave, uniq_nergalle
Lair:2:   layout_layer_cave, minmay_swamp_entry_worms, dummy_spider_entry
Swamp:1:  layout_basic_swamp, portal_ice_cave_entry_ice_statue_one,
          hangedman_swamp_blocks, swamp_pool1

Skill      XL: |  1  2  3  4  5  6  7  8  9 10 11 12 |
---------------+-------------------------------------+-----
Fighting       | 4 5 6 7 8 9 10 | 10.7
Maces & Flails | 4 5 6 8 11 13 15 | 15.9
Throwing       | 1 2 3 5 6 |  6.0
Armour         | 3 6 |  6.7
Shields        | 4 7 9 12 13 | 13.3
Axes           | |  0.6
Dodging        | |  2.1

Action                   |  1- 3 |  4- 6 |  7- 9 | 10-12 || total
-------------------------+-------+-------+-------+-------++-------
Melee: Mace              |    58 |    17 |       |       ||    75
       Headbutt          |    10 |    27 |    52 |    99 ||   188
       War axe           |       |    16 |       |       ||    16
       Morningstar       |       |   124 |   223 |   480 ||   827
       Flail             |       |       |    37 |       ||    37
Throw: Dart              |       |       |       |    23 ||    23
Invok: Berserk           |     1 |     2 |     7 |     8 ||    18
       Trog's Hand       |       |     1 |     2 |     4 ||     7
       Brothers in Arms  |       |       |     3 |     3 ||     6
  Use: Scroll            |       |       |    13 |     8 ||    21
       Potion            |       |       |       |     1 ||     1
Armor: Animal skin       |    15 |       |       |       ||    15
       Leather armour    |     1 |    13 |       |       ||    14
       Scale mail        |       |    29 |     7 |    34 ||    70
       Chain mail        |       |       |    97 |    28 ||   125
Dodge: Dodged            |    26 |    64 |    53 |    36 ||   179
Block: Kite shield       |       |       |    85 |       ||    85
       Tower shield      |       |       |    88 |   501 ||   589
